[Event "Titled Tuesday Blitz August 08 Early 2023"]
[White "Chor, Kevin"]
[Black "Konenkin, Dmitry"]
[WhiteFideId "2090740"]
[BlackFideId "4185781"]
[WhiteElo "2498"]
[BlackElo "2303"]
[Result "1-0"]
[Round "10"]
[TimeControl "180+1"]
[Date "2023.08.08"]
[WhiteClock "0:00:10"]
[BlackClock "0:00:05"]
[Board "138"]

1. e4 d6 2. d4 Nf6 3. Nc3 e5 4. f4 Nbd7 5. Nf3 exd4 6. Qxd4 c6 7. Be3 d5 8. e5 Bc5 9. Qd2 Ng4 10. Bxc5 Nxc5 11. h3 Nh6 12. g4 O-O 13. O-O-O Qa5 14. Kb1 Kh8 15. f5 Ng8 16. f6 g6 17. h4 Bxg4 18. Be2 h5 19. Rdg1 Bf5 20. Nd4 Be6 21. Bxh5 Na4 22. Bxg6 Nxc3+ 23. bxc3 fxg6 24. Rxg6 Rf7 25. Nxe6 Re8 26. Rhg1 Qb6+ 27. Kc1 c5 28. Rxg8+ Rxg8 29. Qh6+ Rh7 30. Rxg8+ Kxg8 31. Qf8# 1-0


[Site "https://www.chess.com"]

[Event "Titled Tuesday Blitz August 08 Early 2023"]
[White "Jovic, Stanoje"]
[Black "Gueci, Tea"]
[WhiteFideId "905020"]
[BlackFideId "872342"]
[WhiteElo "2478"]
[BlackElo "2381"]
[Result "1-0"]
[Round "10"]
[TimeControl "180+1"]
[Date "2023.08.08"]
[WhiteClock "0:00:15"]
[BlackClock "0:00:03"]
[Board "139"]

1. c4 e5 2. g3 c6 3. Nf3 e4 4. Nd4 d5 5. cxd5 Qxd5 6. e3 Nf6 7. Nc3 Qe5 8. Bg2 Bc5 9. Nb3 Bb6 10. f4 exf3 11. Qxf3 Bg4 12. Qf4 Nbd7 13. d4 Qxf4 14. gxf4 O-O 15. e4 Rfe8 16. e5 Bf5 17. O-O Nh5 18. Bf3 g6 19. Bxh5 gxh5 20. Kf2 a5 21. Rg1+ Kh8 22. Be3 a4 23. Nd2 Bd8 24. d5 Bh4+ 25. Kf3 cxd5 26. Nxd5 Rac8 27. Rac1 Bg4+ 28. Ke4 f5+ 29. Kd4 Rcd8 30. Nc4 Bf3 31. Nd6 Rf8 32. Rc7 Nf6 33. Nxf6 Bxf6 34. Kc5 b6+ 35. Kb4 Bh4 36. Rgg7 Bf6 37. Rxh7+ Kg8 38. Rh6 Bg7 39. Rg6 Rxd6 40. Rgxg7+ Kh8 41. Rh7+ Kg8 42. Rcg7# 1-0


[Site "https://www.chess.com"]

[Event "Titled Tuesday Blitz August 08 Early 2023"]
[White "Player, Edmund C"]
[Black "Novikov, Evgenij"]
[WhiteFideId "406520"]
[BlackFideId "4125380"]
[WhiteElo "2302"]
[BlackElo "2426"]
[Result "0-1"]
[Round "10"]
[TimeControl "180+1"]
[Date "2023.08.08"]
[WhiteClock "0:00:06"]
[BlackClock "0:00:03"]
[Board "140"]

1. e4 c5 2. Nf3 Nc6 3. Bb5 g6 4. Bxc6 dxc6 5. d3 Bg7 6. h3 b6 7. Nc3 e5 8. a4 a5 9. Nh2 Nf6 10. f4 exf4 11. Bxf4 Nh5 12. Be3 Ng3 13. Rg1 h5 14. Bf2 Qd6 15. Qf3 h4 16. Nf1 Nxf1 17. Rxf1 Be6 18. Be3 O-O-O 19. Kf2 f5 20. Kg1 Rdf8 21. exf5 gxf5 22. Bf4 Qd7 23. Rae1 Bd4+ 24. Kh1 Rhg8 25. Nb5 Bd5 26. Nd6+ Kb8 27. Nb5+ Ka8 28. Nc7+ Kb7 29. Nxd5 cxd5 30. c3 Bf6 31. Bh6 Re8 32. Rxe8 Rxe8 33. Bf4 Ka6 34. Rg1 Qxa4 35. Rf1 Qd7 36. Rg1 d4 37. c4 Qb7 38. Qh5 Qd7 39. Qg6 Be5 40. Rf1 Bxf4 41. Rxf4 Re1+ 42. Kh2 Qc7 43. Qxf5 Rf1 44. g3 hxg3+ 45. Kxg3 Qg7+ 46. Qg4 Qc7 47. h4 Rg1+ 48. Kh3 Rxg4 49. Kxg4 Qg7+ 50. Kh3 Qg6 51. Rg4 Qxd3+ 52. Rg3 Qxc4 53. h5 Qe6+ 54. Kh4 Qf6+ 55. Rg5 d3 56. Kg4 d2 57. Rg6 d1=Q+ 58. Kh3 Qf5+ 59. Rg4 Qdxg4+ 60. Kh2 Qff4+ 61. Kh1 Qgf3+ 62. Kg1 Q4g3# 0-1


[Site "https://www.chess.com"]

[Event "Titled Tuesday Blitz August 08 Early 2023"]
[White "Goswami, Vedant"]
[Black "Swicarz, Maciej"]
[WhiteFideId "5003725"]
[BlackFideId "1113585"]
[WhiteElo "2298"]
[BlackElo "2420"]
[Result "0-1"]
[Round "10"]
[TimeControl "180+1"]
[Date "2023.08.08"]
[WhiteClock "0:00:00"]
[BlackClock "0:00:04"]
[Board "141"]

1. b3 e5 2. Bb2 d6 3. e3 f5 4. d4 Nd7 5. Nd2 Ngf6 6. Bc4 Qe7 7. Ngf3 e4 8. Ng5 d5 9. Be2 g6 10. c4 c6 11. a4 h6 12. Ba3 c5 13. Nh3 g5 14. cxd5 Nxd5 15. Bh5+ Kd8 16. dxc5 Nxc5 17. Nc4 Be6 18. Rc1 Nd3+ 19. Qxd3 exd3 20. Bxe7+ Bxe7 21. O-O g4 22. Nf4 Nxf4 23. exf4 Rc8 24. Rfd1 Bxc4 25. Rxc4 Rxc4 26. bxc4 Bd6 27. Rxd3 Ke7 28. Re3+ Kd7 29. g3 Rf8 30. Bg6 Rf6 31. Bh7 Rf7 32. Bg6 Rf6 33. Be8+ Kc7 34. Kf1 a5 35. Ke2 b6 36. Bb5 Bc5 37. Re8 Kd6 38. Rd8+ Kc7 39. Rd7+ Kc8 40. Rd5 Kc7 41. Bd7 Bd6 42. Bxf5 h5 43. Be4 Re6 44. Kd3 Rh6 45. Bf5 Bc5 46. Ke2 h4 47. Bxg4 hxg3 48. hxg3 Rh2 49. Rd7+ Kc6 50. Rg7 Rxf2+ 51. Kd3 Kd6 52. Rg6+ Ke7 53. Bf5 Kf7 54. Be4 Rf1 55. f5 Re1 56. g4 Re3+ 57. Kc2 Rg3 58. Bd3 Be3 59. Rc6 Rxg4 60. c5 Bxc5 61. Kb3 Rb4+ 62. Kc3 Rxa4 63. Bc4+ Kf8 64. f6 Ra3+ 65. Kb2 Ke8 66. Rc8+ Kd7 67. Rh8 Rf3 68. f7 Kc6 69. Rd8 Rf6 70. Bd5+ Kc7 71. Rh8 Rf5 72. Be6 Rf2+ 73. Kc3 Rf4 74. Kd3 a4 75. Ra8 Kd6 76. Bc4 Ke7 77. Rxa4 Kf8 78. Ra8+ Kg7 79. Rg8+ Kh7 80. Be6 Rf6 81. Bd5 Rf4 82. Be4+ Kh6 83. Bd5 Kh7 84. Be4+ Kh6 85. Re8 Kg7 86. Rg8+ Kxf7 87. Rc8 Rh4 88. Rc7+ Ke6 89. Rc6+ Ke5 90. Bf3 Rh3 91. Ke2 Rh2+ 92. Kd3 Rh3 93. Ke2 Rh2+ 94. Kd3 Ra2 95. Rh6 Ra3+ 96. Ke2 Re3+ 97. Kf2 Rb3+ 98. Kg2 Kd4 99. Kg3 Ke3 100. Rh4 Kd2 101. Re4 Rd3 102. Re8 b5 103. Kf4 b4 104. Be4 Rc3 105. Rd8+ Kc1 106. Bd5 b3 107. Bxb3 Rxb3 108. Rc8 Rc3 109. Ke4 Kd2 110. Kd5 Rd3+ 111. Ke6 Bd4 112. Rd8 Ke3 113. Ra8 Rb3 114. Ra5 Ke4 0-1


[Site "https://www.chess.com"]

[Event "Titled Tuesday Blitz August 08 Early 2023"]
[White "Mikhaylova, Irina"]
[Black "Kazakov, Mikhail"]
[WhiteFideId "4109040"]
[BlackFideId "14102749"]
[WhiteElo "2273"]
[BlackElo "2397"]
[Result "1-0"]
[Round "10"]
[TimeControl "180+1"]
[Date "2023.08.08"]
[WhiteClock "0:00:14"]
[BlackClock "0:00:00"]
[Board "142"]

1. d4 Nf6 2. Nf3 e6 3. c4 b6 4. a3 Bb7 5. Nc3 d5 6. cxd5 exd5 7. Bg5 h6 8. Bh4 Be7 9. e3 O-O 10. Bd3 Ne4 11. Bxe7 Qxe7 12. Rc1 Nd7 13. O-O a6 14. Qc2 Rac8 15. Rfd1 Rfe8 16. Qe2 a5 17. Qc2 f5 18. Qb3 Qf7 19. Bb5 c6 20. Bf1 Kh8 21. Na4 b5 22. Nc3 g5 23. Bd3 g4 24. Nh4 Qf6 25. g3 Nd6 26. Qc2 Rf8 27. Ne2 Qg5 28. Nf4 Rf6 29. a4 b4 30. Qe2 Nf8 31. Ba6 Qg7 32. Bxb7 Qxb7 33. Rc5 Qb6 34. Rdc1 Nd7 35. R5c2 Ne4 36. b3 Rg8 37. f3 gxf3 38. Qxf3 Ng5 39. Qh5 1-0


[Site "https://www.chess.com"]

[Event "Titled Tuesday Blitz August 08 Early 2023"]
[White "EsmeraldasAnderson03"]
[Black "Mirzanurov, Bulat"]
[BlackFideId "4184521"]
[WhiteElo "2384"]
[BlackElo "2186"]
[Result "0-1"]
[Round "10"]
[TimeControl "180+1"]
[Date "2023.08.08"]
[WhiteClock "0:00:09"]
[BlackClock "0:00:09"]
[Board "143"]

1. d4 d5 2. Nf3 Nf6 3. c4 e6 4. cxd5 exd5 5. Nc3 c6 6. Qc2 Be7 7. Bg5 Be6 8. e3 Nbd7 9. Bd3 h6 10. Bh4 Qc7 11. O-O O-O 12. Rfc1 a6 13. Rab1 Nb6 14. b4 Nc4 15. Bxc4 dxc4 16. a4 b5 17. a5 Qd7 18. Ne5 Qc8 19. e4 Rd8 20. Rd1 Qc7 21. Nxc6 Qxc6 22. d5 Qd7 23. dxe6 Qxe6 24. Bg3 Bf8 25. f4 Rxd1+ 26. Rxd1 Bxb4 27. f5 Qe7 28. e5 Ng4 29. Nd5 Qc5+ 30. Kh1 Bxa5 31. h3 Ne3 32. Qf2 Bb6 33. Nxb6 Qxb6 34. Rd6 Qa7 35. Bf4 Nxf5 36. Qf3 Nxd6 37. exd6 Rd8 38. Qg3 Kh7 39. Qf3 Qd7 40. Qe4+ f5 41. Qd5 Re8 42. Kh2 c3 43. Qc5 Rc8 44. Qb6 c2 45. Qg1 Rc6 46. Qf1 Rxd6 47. Bg3 Rd1 48. Qf2 c1=Q 49. Qxf5+ Qxf5 0-1


[Site "https://www.chess.com"]

[Event "Titled Tuesday Blitz August 08 Early 2023"]
[White "Luxama, Jacques Muller"]
[Black "Rakhimgaliyev, Yerlan"]
[WhiteFideId "11900113"]
[BlackFideId "13705148"]
[WhiteElo "2226"]
[BlackElo "2382"]
[Result "1-0"]
[Round "10"]
[TimeControl "180+1"]
[Date "2023.08.08"]
[WhiteClock "0:00:50"]
[BlackClock "0:00:00"]
[Board "144"]

1. e4 e5 2. Nf3 d6 3. d4 exd4 4. Nxd4 Nf6 5. Nc3 Be7 6. g3 O-O 7. Bg2 Re8 8. O-O Nbd7 9. h3 Bf8 10. Re1 c6 11. a4 a5 12. g4 Nc5 13. g5 Nfd7 14. f4 f6 15. h4 Nb6 16. b3 f5 17. exf5 d5 18. Bb2 Bd6 19. Qh5 Rf8 20. Qf3 Bxf5 21. Nxf5 Rxf5 22. Ne2 Qf8 23. Bh3 Rf7 24. f5 Ne4 25. Nd4 Bg3 26. Ne6 Qd6 27. Red1 Qxe6 28. Qxg3 Nxg3 29. fxe6 Rf4 30. Kg2 Ne4 31. Rf1 Rxf1 32. Rxf1 Nc8 33. Rf7 Ncd6 34. Rxg7+ Kf8 35. Rxh7 Re8 36. Bf6 Nxf6 37. gxf6 Kg8 38. Rg7+ Kh8 39. Kf3 Rf8 40. Rg6 Ne8 41. f7 Kh7 42. Rg5 Ng7 43. Kf4 Kh6 44. Ke5 1-0


[Site "https://www.chess.com"]

[Event "Titled Tuesday Blitz August 08 Early 2023"]
[White "Tharushi, T H D Niklesha"]
[Black "Villuendas Valero, Adrian"]
[WhiteFideId "9918264"]
[BlackFideId "2262460"]
[WhiteElo "2081"]
[BlackElo "2324"]
[Result "0-1"]
[Round "10"]
[TimeControl "180+1"]
[Date "2023.08.08"]
[WhiteClock "0:00:02"]
[BlackClock "0:00:17"]
[Board "145"]

1. d4 d6 2. c4 e5 3. d5 f5 4. Nc3 Nf6 5. Bg5 Be7 6. g3 O-O 7. Bg2 Na6 8. a3 h6 9. Bc1 Nc5 10. b4 Nce4 11. Bb2 a5 12. e3 Nxc3 13. Bxc3 e4 14. Ne2 Ng4 15. h3 Ne5 16. Nf4 g5 17. Ne6 Bxe6 18. dxe6 Nd3+ 19. Kf1 Bf6 20. Bd4 c5 21. bxc5 dxc5 22. Bxf6 Qxf6 23. Rb1 Qxe6 24. Rxb7 Rfb8 25. Rb1 Qxc4 26. Kg1 Qa2 27. Rxb8+ Rxb8 28. Qh5 Kg7 29. g4 Qxf2+ 30. Kh2 Rb2 31. Rg1 f4 32. exf4 Nxf4 33. Qe8 Nxg2 34. Qe7+ Qf7 35. Qe5+ Qf6 36. Qxf6+ Kxf6 37. Rxg2 Rxg2+ 38. Kxg2 Ke5 39. Kf2 Kd4 40. Ke2 e3 41. a4 c4 0-1


[Site "https://www.chess.com"]

[Event "Titled Tuesday Blitz August 08 Early 2023"]
[White "Sailer, Mike"]
[Black "Czerw, Dawid"]
[WhiteFideId "2012901"]
[BlackFideId "1145746"]
[WhiteElo "2181"]
[BlackElo "2532"]
[Result "0-1"]
[Round "10"]
[TimeControl "180+1"]
[Date "2023.08.08"]
[WhiteClock "0:00:00"]
[BlackClock "0:02:38"]
[Board "146"]

1. d4 c5 2. d5 e5 3. e4 d6 4. Bb5+ Bd7 5. a4 Be7 6. Nc3 a6 7. Bxd7+ Nxd7 8. Nge2 Bg5 9. O-O Nh6 10. Ng3 O-O 11. Qf3 f5 12. exf5 g6 13. f6 Bxc1 14. Raxc1 Nxf6 15. h3 Nh5 16. Qe3 Nf4 17. Rcd1 Qh4 18. Nce4 Rad8 19. Ne2 Nf5 20. Qf3 Nxe2+ 21. Qxe2 Nd4 22. Qd3 c4 23. Qe3 Nxc2 24. Qe2 Nd4 0-1


[Site "https://www.chess.com"]

[Event "Titled Tuesday Blitz August 08 Early 2023"]
[White "Yuruultei Batbaatar"]
[Black "Do Nascimento,Christian Almeida"]
[WhiteFideId "4905962"]
[BlackFideId "2143801"]
[WhiteElo "2265"]
[BlackElo "2518"]
[Result "0-1"]
[Round "10"]
[TimeControl "180+1"]
[Date "2023.08.08"]
[WhiteClock "0:01:15"]
[BlackClock "0:01:37"]
[Board "147"]

1. d4 Nf6 2. c4 e6 3. Nf3 d5 4. g3 Bb4+ 5. Nbd2 dxc4 6. Bg2 c3 7. bxc3 Bxc3 8. Rb1 O-O 9. O-O Nc6 10. Bb2 Bxb2 11. Rxb2 Nxd4 12. Nxd4 Qxd4 13. Bxb7 Qxb2 14. Bxa8 Rd8 15. Nc4 Rxd1 16. Rxd1 Qb5 17. Rd8+ Ne8 18. Rxc8 g6 19. Ne3 Kg7 20. Be4 Nd6 21. Bd3 Qa5 22. Ng4 Nxc8 0-1


[Site "https://www.chess.com"]

[Event "Titled Tuesday Blitz August 08 Early 2023"]
[White "Womacka, Mathias"]
[Black "Miguelitro69"]
[WhiteFideId "4611390"]
[WhiteElo "2484"]
[BlackElo "2246"]
[Result "1-0"]
[Round "10"]
[TimeControl "180+1"]
[Date "2023.08.08"]
[WhiteClock "0:00:49"]
[BlackClock "0:01:18"]
[Board "148"]

1. e4 c5 2. Nf3 Nc6 3. d4 cxd4 4. Nxd4 g6 5. c4 Bg7 6. Be3 Nf6 7. Nc3 Ng4 8. Qxg4 Nxd4 9. Qd1 Ne6 10. Rc1 O-O 11. Bd3 d6 12. O-O Bd7 13. f4 Bc6 14. b4 b6 15. Nd5 Nc7 16. Qd2 Rc8 17. f5 Bxd5 18. exd5 b5 19. Bxa7 Qd7 20. Be3 bxc4 21. Bxc4 Ne8 22. Qd3 Nf6 23. fxg6 hxg6 24. Bb5 Qd8 25. Bc6 Ng4 26. b5 Qa5 27. a3 Nxe3 28. Qxe3 Qa4 29. Kh1 Be5 30. b6 Kg7 31. Bxa4 Rh8 32. Rxc8 Rxh2+ 33. Kg1 Rh4 34. Qxe5+ dxe5 35. b7 Rxa4 36. b8=Q 1-0


[Site "https://www.chess.com"]

[Event "Titled Tuesday Blitz August 08 Early 2023"]
[White "Samaganova, Aleksandra"]
[Black "Rios Escobar, Adan"]
[WhiteFideId "13800221"]
[BlackFideId "3403645"]
[WhiteElo "2241"]
[BlackElo "2412"]
[Result "0-1"]
[Round "10"]
[TimeControl "180+1"]
[Date "2023.08.08"]
[WhiteClock "0:00:05"]
[BlackClock "0:00:38"]
[Board "149"]

1. c4 Nf6 2. Nc3 g6 3. g3 Bg7 4. Bg2 c6 5. e4 d6 6. Nge2 O-O 7. O-O a5 8. d4 Na6 9. f4 e5 10. fxe5 dxe5 11. d5 Nc5 12. h3 Nh5 13. Be3 b6 14. dxc6 Be6 15. Nd5 Kh8 16. c7 Qd6 17. g4 Nf4 18. Nexf4 exf4 19. Bxf4 Qc6 20. Qd2 Nd7 21. Rac1 Ne5 22. b3 Rac8 23. Ne7 Qc5+ 24. Be3 Qxe7 25. Bxb6 Qh4 26. Qxa5 Bxg4 27. Bf2 Qh6 28. Rc3 Be2 29. Re1 Qd2 30. Bg3 Nf3+ 31. Bxf3 Bxf3 32. e5 Qg2# 0-1


[Site "https://www.chess.com"]

[Event "Titled Tuesday Blitz August 08 Early 2023"]
[White "EvgenyBurmakin"]
[Black "Rietze, Clemens, Dr."]
[BlackFideId "24620351"]
[WhiteElo "2235"]
[BlackElo "2381"]
[Result "0-1"]
[Round "10"]
[TimeControl "180+1"]
[Date "2023.08.08"]
[WhiteClock "0:00:00"]
[BlackClock "0:00:09"]
[Board "150"]

1. e4 c5 2. Nc3 Nc6 3. Bb5 Nd4 4. Bc4 e6 5. Nf3 Nf6 6. e5 d5 7. exd6 Bxd6 8. d3 h6 9. Be3 Nf5 10. Bd2 O-O 11. O-O a6 12. a4 b6 13. Re1 Bb7 14. Ne4 Be7 15. Bc3 Nd5 16. Bd2 Qc7 17. Ng3 Nxg3 18. hxg3 Bf6 19. c3 Bc6 20. Qe2 b5 21. Bb3 Bb7 22. d4 cxd4 23. cxd4 bxa4 24. Bxa4 Qb6 25. Bc3 Rac8 26. Rac1 Rfd8 27. Ne5 Rc7 28. Qd2 Qd6 29. Ba5 Rxc1 30. Rxc1 Rc8 31. Rxc8+ Bxc8 32. Nc4 Qb8 33. Bc3 Bb7 34. Ne5 Qd6 35. Bb3 Qc7 36. Qd3 Nxc3 37. bxc3 Bxe5 38. dxe5 Qxe5 39. Qd8+ Kh7 40. Bc2+ Be4 41. Bxe4+ Qxe4 42. Qe7 Qf5 43. Qb4 g6 44. c4 a5 45. Qb5 Kg7 0-1


[Site "https://www.chess.com"]

[Event "Titled Tuesday Blitz August 08 Early 2023"]
[White "Nosacheva, Mariya"]
[Black "Kula, Robert"]
[WhiteFideId "34111422"]
[BlackFideId "1101218"]
[WhiteElo "2376"]
[BlackElo "2230"]
[Result "1-0"]
[Round "10"]
[TimeControl "180+1"]
[Date "2023.08.08"]
[WhiteClock "0:01:30"]
[BlackClock "0:00:42"]
[Board "151"]

1. e4 e5 2. Nf3 Nc6 3. Bc4 Nf6 4. O-O Be7 5. Re1 O-O 6. c3 d6 7. h3 Be6 8. Bb5 a6 9. Ba4 b5 10. Bc2 h6 11. d4 Bd7 12. a4 Qc8 13. Kh2 Nh7 14. Qe2 Qb7 15. axb5 axb5 16. Rxa8 Rxa8 17. Na3 b4 18. Nc4 Ng5 19. Bxg5 hxg5 20. dxe5 dxe5 21. Ncxe5 Nxe5 22. Nxe5 Bd6 23. f4 gxf4 24. Qh5 Be6 25. Nf3 bxc3 26. bxc3 Qb2 27. Re2 Qxc3 28. e5 Be7 29. Qh7+ Kf8 30. Qh8# 1-0


[Site "https://www.chess.com"]

[Event "Titled Tuesday Blitz August 08 Early 2023"]
[White "Davidson, Kevin"]
[Black "LionKing2367890"]
[WhiteFideId "2056810"]
[WhiteElo "2369"]
[BlackElo "2215"]
[Result "0-1"]
[Round "10"]
[TimeControl "180+1"]
[Date "2023.08.08"]
[WhiteClock "0:00:00"]
[BlackClock "0:00:50"]
[Board "152"]

1. e4 e5 2. Nf3 Nc6 3. Bb5 a6 4. Ba4 Nf6 5. O-O Be7 6. Re1 b5 7. Bb3 O-O 8. a4 b4 9. d4 d6 10. dxe5 dxe5 11. Nbd2 Bg4 12. c3 bxc3 13. bxc3 Qd3 14. Ba3 Bxa3 15. Rxa3 Rfd8 16. Qc1 Qd6 17. h3 Bxf3 18. Nxf3 Na5 19. Bc2 Qc5 20. Bb1 Rab8 21. Ba2 h6 22. Re2 Nh5 23. Nh4 Nf4 24. Rc2 Nd3 0-1


[Site "https://www.chess.com"]

[Event "Titled Tuesday Blitz August 08 Early 2023"]
[White "Ventura Bolet, Maxim"]
[Black "Falbo, Sandro"]
[WhiteFideId "22238824"]
[BlackFideId "810444"]
[WhiteElo "2368"]
[BlackElo "2193"]
[Result "1-0"]
[Round "10"]
[TimeControl "180+1"]
[Date "2023.08.08"]
[WhiteClock "0:00:08"]
[BlackClock "0:00:00"]
[Board "153"]

1. e4 c5 2. Nf3 Nc6 3. d4 cxd4 4. Nxd4 e5 5. Nb5 d6 6. N1c3 a6 7. Na3 Be7 8. Nd5 Nf6 9. Nxf6+ Bxf6 10. g3 h5 11. Bg2 h4 12. O-O Be6 13. Nb1 Rc8 14. Nc3 Nd4 15. Be3 Qd7 16. Bxd4 exd4 17. Nd5 Bxd5 18. exd5 hxg3 19. hxg3 Qf5 20. Re1+ Kf8 21. Rc1 g6 22. Qd3 Qh5 23. Qa3 Be5 24. f4 Qh2+ 25. Kf2 Bxf4 26. gxf4 Qxf4+ 27. Qf3 Qh4+ 28. Qg3 Qf6+ 29. Kg1 Rh5 30. Rf1 Qe5 31. Qxe5 Rxe5 32. c3 dxc3 33. Rxc3 Rxc3 34. bxc3 Re3 35. Rc1 b5 36. Kf2 Re5 37. a3 Rf5+ 38. Ke2 Rg5 39. Bf3 Kg7 40. c4 bxc4 41. Rxc4 Re5+ 42. Kf2 Rf5 43. Rc6 Rf4 44. Rxa6 Rc4 45. Rxd6 Rc2+ 46. Kg3 Ra2 47. Ra6 g5 48. d6 Rd2 49. a4 f6 50. Ra7+ Kg6 51. d7 Rd3 52. Kf2 Rd6 53. Bc6 f5 54. Ra8 Rxc6 55. d8=Q Rc2+ 56. Ke1 1-0


[Site "https://www.chess.com"]

[Event "Titled Tuesday Blitz August 08 Early 2023"]
[White "Nithyalakshmi, Sivanesan"]
[Black "Kuchava, Ana"]
[WhiteFideId "5706955"]
[BlackFideId "13605348"]
[WhiteElo "2339"]
[BlackElo "2169"]
[Result "1/2-1/2"]
[Round "10"]
[TimeControl "180+1"]
[Date "2023.08.08"]
[WhiteClock "0:02:11"]
[BlackClock "0:01:54"]
[Board "154"]

1. e4 c6 2. d4 d5 3. exd5 cxd5 4. Bd3 Nc6 5. c3 Nf6 6. Bf4 Bg4 7. Qb3 Qd7 8. h3 Bh5 9. Nd2 e6 10. Ngf3 Be7 11. Bb5 a6 12. Ne5 Qc8 13. Bxc6+ bxc6 14. Qa4 O-O 15. Qxc6 Qd8 16. O-O Be2 17. Rfe1 Bb5 18. Qb7 Rb8 19. Qa7 Ra8 20. Qb7 Rb8 21. Qa7 Ra8 22. Qb7 1/2-1/2


[Site "https://www.chess.com"]

[Event "Titled Tuesday Blitz August 08 Early 2023"]
[White "Jodorcovsky Werjivker, Paulo"]
[Black "Stachanczyk, Jacek"]
[WhiteFideId "3700305"]
[BlackFideId "1116657"]
[WhiteElo "2192"]
[BlackElo "2326"]
[Result "1-0"]
[Round "10"]
[TimeControl "180+1"]
[Date "2023.08.08"]
[WhiteClock "0:01:11"]
[BlackClock "0:01:07"]
[Board "155"]

1. d4 d5 2. c4 c6 3. cxd5 cxd5 4. Bg5 Nc6 5. Nc3 f6 6. Bd2 e5 7. e4 dxe4 8. d5 Nd4 9. Bc4 Bf5 10. Nge2 a6 11. Ng3 Bg6 12. a4 Rc8 13. Ba2 f5 14. O-O Nf6 15. Rc1 f4 16. Ngxe4 Nxe4 17. Nxe4 Bxe4 18. Qh5+ Kd7 19. Qxe5 Ne2+ 20. Kh1 Qe7 21. Qe6+ Qxe6 22. dxe6+ Kd8 23. Ba5+ Ke7 24. Rxc8 1-0


[Site "https://www.chess.com"]

[Event "Titled Tuesday Blitz August 08 Early 2023"]
[White "amanjazu"]
[Black "cycygogne"]
[WhiteElo "2326"]
[BlackElo "2184"]
[Result "0-1"]
[Round "10"]
[TimeControl "180+1"]
[Date "2023.08.08"]
[WhiteClock "0:00:00"]
[BlackClock "0:00:30"]
[Board "156"]

1. e4 d5 2. exd5 Qxd5 3. Nc3 Qd6 4. d4 Nf6 5. Bc4 c6 6. Nge2 Bf5 7. O-O e6 8. Bf4 Qd8 9. Ng3 Bg6 10. Re1 Bd6 11. Bxd6 Qxd6 12. d5 cxd5 13. Nxd5 Nxd5 14. Bxd5 Nc6 15. Ne4 Bxe4 16. Bxe4 Qxd1 17. Raxd1 O-O 18. Rd7 Rab8 19. b3 Rfd8 20. Bxc6 bxc6 21. Rxa7 Rd2 22. Rc1 Rbd8 23. g3 g6 24. Rc7 R8d6 25. Kf1 e5 26. a4 e4 27. Ke1 e3 28. fxe3 Rxh2 29. a5 Rh1+ 30. Ke2 Rxc1 31. a6 Ra1 32. a7 Kg7 33. c4 h5 34. b4 Rd8 35. b5 cxb5 36. cxb5 Rd6 37. Rb7 g5 38. e4 h4 39. gxh4 gxh4 40. e5 Re6 41. b6 h3 42. Rb8 h2 43. b7 h1=Q 44. Rg8+ Kxg8 45. b8=Q+ Kg7 0-1


[Site "https://www.chess.com"]

[Event "Titled Tuesday Blitz August 08 Early 2023"]
[White "Butti, Enrique"]
[Black "Tosic, Srecko"]
[WhiteFideId "3700470"]
[BlackFideId "924563"]
[WhiteElo "2169"]
[BlackElo "2307"]
[Result "1-0"]
[Round "10"]
[TimeControl "180+1"]
[Date "2023.08.08"]
[WhiteClock "0:01:47"]
[BlackClock "0:00:00"]
[Board "157"]

1. d4 e6 2. Nf3 Nf6 3. e3 b6 4. Bd3 Bb7 5. O-O Be7 6. b3 O-O 7. Bb2 d5 8. c4 Nbd7 9. Nc3 a6 10. Qe2 Ne4 11. Rfd1 f5 12. Rac1 Bd6 13. Na4 Qe7 14. Ne5 Bxe5 15. dxe5 Ndc5 16. Ba3 Bc6 17. Nxc5 Nxc5 18. cxd5 exd5 19. f4 Rfd8 20. Qc2 d4 21. Bc4+ Kh8 22. exd4 1-0


[Site "https://www.chess.com"]

[Event "Titled Tuesday Blitz August 08 Early 2023"]
[White "Iunusovnuriddin"]
[Black "Mitrovic, Darko R"]
[BlackFideId "927023"]
[WhiteElo "2305"]
[BlackElo "2153"]
[Result "0-1"]
[Round "10"]
[TimeControl "180+1"]
[Date "2023.08.08"]
[WhiteClock "0:00:23"]
[BlackClock "0:02:00"]
[Board "158"]

1. e4 e6 2. d4 d5 3. Nc3 Bb4 4. Ne2 Nf6 5. e5 Ne4 6. a3 Nxc3 7. bxc3 Be7 8. Nf4 g6 9. h4 Bxh4 10. Qg4 Be7 11. Bd3 c6 12. Nxg6 fxg6 13. Rxh7 O-O 14. Qg5 Bxg5 0-1


[Site "https://www.chess.com"]

[Event "Titled Tuesday Blitz August 08 Early 2023"]
[White "Novikova, Margarita"]
[Black "Afanasieva, Alexandra"]
[WhiteFideId "14109689"]
[BlackFideId "34126926"]
[WhiteElo "2127"]
[BlackElo "2303"]
[Result "0-1"]
[Round "10"]
[TimeControl "180+1"]
[Date "2023.08.08"]
[WhiteClock "0:00:00"]
[BlackClock "0:00:21"]
[Board "159"]

1. e4 c5 2. Nc3 e6 3. d3 Nc6 4. Be3 d5 5. exd5 exd5 6. Bd2 Nf6 7. Nf3 Bg4 8. Be2 Bd6 9. h3 Bh5 10. Bg5 Be7 11. Qd2 h6 12. Bf4 O-O 13. O-O Bd6 14. Rfe1 Bxf3 15. Bxf3 Nd4 16. Bd1 Qc7 17. Bxd6 Qxd6 18. Ne2 Nc6 19. Qf4 Qxf4 20. Nxf4 Rfe8 21. Bf3 Nd4 22. Rxe8+ Rxe8 23. Kf1 Nxf3 24. gxf3 g5 25. Ne2 Kg7 26. f4 Kg6 27. fxg5 hxg5 28. f4 gxf4 29. Nxf4+ Kf5 30. Ne2 Nh5 31. Kf2 Nf4 32. Nxf4 Kxf4 33. Rg1 f5 34. Rg7 Rh8 35. Rg3 b5 36. Rf3+ Ke5 37. Re3+ Kf4 38. Rf3+ Ke5 39. Re3+ Kf6 40. Kg3 Kg5 41. Re5 c4 42. Rxd5 cxd3 43. cxd3 a6 44. d4 Kf6 45. Rd6+ Kg5 46. Rxa6 f4+ 47. Kg2 Kf5 48. Rb6 Ke4 49. Rxb5 f3+ 50. Kf2 Rxh3 51. Rb4 Rh2+ 52. Kf1 Rh1+ 53. Kf2 Rh2+ 54. Kf1 Rd2 55. Rb8 Rd1+ 56. Kf2 Rd2+ 57. Kg3 Rg2+ 58. Kh3 Rg1 59. Kh2 f2 60. Re8+ Kxd4 61. Rd8+ Ke5 62. Re8+ Kd6 63. Rd8+ Ke7 0-1


[Site "https://www.chess.com"]

[Event "Titled Tuesday Blitz August 08 Early 2023"]
[White "Fajdetic, Hrvoje"]
[Black "sasvathaa"]
[WhiteFideId "14501945"]
[WhiteElo "2296"]
[BlackElo "2106"]
[Result "1-0"]
[Round "10"]
[TimeControl "180+1"]
[Date "2023.08.08"]
[WhiteClock "0:00:32"]
[BlackClock "0:01:23"]
[Board "160"]

1. b3 d5 2. Bb2 Bf5 3. f4 e6 4. Nf3 c6 5. d3 h6 6. Nbd2 Nf6 7. e3 Qb6 8. d4 a5 9. a4 Na6 10. c3 Bd6 11. Be2 c5 12. Bb5+ Ke7 13. O-O cxd4 14. exd4 Nc7 15. Be2 Bxf4 16. Kh1 Bd6 17. Ne5 Rhd8 18. Qe1 Kf8 19. Qh4 Bxe5 20. dxe5 Ne4 21. Nxe4 Bxe4 22. Bh5 Rd7 23. b4 axb4 24. cxb4 Kg8 25. b5 Qe3 26. Bc1 Qe2 27. Bxe2 Ne8 28. Qg3 1-0


[Site "https://www.chess.com"]

[Event "Titled Tuesday Blitz August 08 Early 2023"]
[White "UgarteCesar"]
[Black "Semenova, Alina"]
[BlackFideId "24113875"]
[WhiteElo "2290"]
[BlackElo "2100"]
[Result "1-0"]
[Round "10"]
[TimeControl "180+1"]
[Date "2023.08.08"]
[WhiteClock "0:00:21"]
[BlackClock "0:00:00"]
[Board "161"]

1. d4 d5 2. Bf4 Nf6 3. e3 e6 4. Nf3 Be7 5. Bd3 O-O 6. Nbd2 Nbd7 7. O-O c5 8. c3 b6 9. Ne5 Bb7 10. Bg3 Ne4 11. f4 f5 12. Ndf3 Ndf6 13. Bh4 cxd4 14. exd4 Rc8 15. Ng5 Qd6 16. Qf3 h6 17. Nh3 Nd2 18. Qe2 Nxf1 19. Rxf1 Rfe8 20. Re1 Ne4 21. Qh5 Bxh4 22. Qxh4 Qe7 23. Qh5 Qf6 24. g4 fxg4 25. Nxg4 Qf7 26. Qh4 Nf6 27. Ne5 Qh5 28. Qg3 Ne4 29. Qg2 Rf8 30. Rf1 Qh4 31. Ng6 Qf6 32. Ne5 Qf5 33. Kh1 a6 34. Rg1 Rc7 35. a4 a5 36. Be2 Qf6 37. Ng4 Qf5 38. Nxh6+ Kh8 39. Nxf5 Rxf5 40. Bd3 Rf6 41. Ng5 Nxg5 42. fxg5 Rf4 43. Qh3+ Kg8 44. Qh7+ Kf8 45. Qh8+ Kf7 46. g6+ Kf6 47. Qf8+ 1-0


[Site "https://www.chess.com"]